 Dungeon Crawl Stone Soup version 0.30.0-29-ga12c61a403 (webtiles) character file.

Game seed: 9554949069104961380

8565 fridstol the Fighter (level 11, -1/22 HPs)
             Began as a Meteoran Monk on May 17, 2023.
             Was an Elder of Hepliaklqana.
             Slain by a gnoll sergeant
             ... wielding a +0 spear
              (9 damage)
             ... on level 10 of the Dungeon on June 6, 2023.
             The game lasted 02:00:44 (6807 turns).

fridstol the Fighter (Meteoran Monk)                Turns: 6807, Time: 02:00:46

Health: -1/22      AC:  3    Str: 15    XL:     11   Next: 88%
Magic:  12/12      EV: 21    Int: 17    God:    Hepliaklqana [****..]
Gold:   529        SH:  0    Dex: 20    Spells: 7/10 levels left

rFire   . . .        e - +7 trident
rCold   . . .        d - orb {light}
rNeg    . . .        b - +0 robe
rPois   +            E - +1 hat {Will+}
rElec   .            (no cloak)
rCorr   .            (no gloves)
SInv    .            (no boots)
Will    ++...        A - amulet of regeneration
Stlth   +            i - +6 ring of intelligence
HPRegen 1.03/turn    x - ring of poison resistance
MPRegen 0.13/turn

%: no passive effects
@: glowing
A: reduced essence, sense surroundings 2, otherworldly, glowing, explore regen
a: Renounce Religion, Recall Ancestor, Ancestor Identity, Transference, Idealise


You were on level 10 of the Dungeon.
You worshipped Hepliaklqana.
Hepliaklqana was greatly pleased with you.
You visited 1 branch of the dungeon, and saw 10 of its levels.

You collected 529 gold pieces.

Inventory:

Hand Weapons
 a - a +0 mace
 e - a +7 trident (weapon)
 j - a +2 short sword of speed
Missiles
 h - 2 throwing nets
Armour
 b - a +0 robe (worn)
 d - an orb of light (worn)
 E - a +1 hat of willpower (worn)
Jewellery
 i - a +6 ring of intelligence (left hand)
 m - a ring of fire
 x - a ring of poison resistance (right hand)
 A - an amulet of regeneration (around neck)
 C - an amulet of regeneration
Wands
 f - a wand of paralysis (5)
 p - a wand of flame (16)
 r - a wand of digging (8)
 v - a wand of acid (5)
 F - a wand of roots (3)
 I - a wand of mindburst (11)
Scrolls
 g - a scroll of blinking
 u - a scroll of enchant armour {unknown}
 w - 2 scrolls of fog
 y - a scroll of brand weapon {unknown}
 H - a scroll of vulnerability {unknown}
 J - a scroll of amnesia {unknown}
Potions
 c - 2 potions of invisibility
 l - a potion of cancellation {unknown}
 o - a potion of brilliance {unknown}
 s - a potion of curing
 t - a potion of lignification
 B - a potion of flight
 D - 2 potions of ambrosia
 G - a potion of heal wounds {unknown}
Miscellaneous
 z - a phial of floods (quivered)


   Skills:
 + Level 13.9 Fighting
 + Level 5.0 Maces & Flails
 - Level 8.7 Polearms
 - Level 0.7(6.2) Staves
 + Level 0.2 Throwing
 + Level 12.1 Dodging
 - Level 3.9 Stealth


You had 7 spell levels left.
You knew the following spells:

 Your Spells              Type           Power      Damage    Failure   Level
a - Volatile Blastmotes   Fire/Tloc      0%         2d10      56%         3

Your spell library contained the following spells:

 Spells                   Type           Power      Damage    Failure   Level
 Blink                    Tloc           0%         N/A       34%         2
 Dazzling Flash           Conj/Hex       0%         N/A       56%         3
 Inner Flame              Hex/Fire       0%         N/A       56%         3
 Iskenderun's Mystic Bla  Conj/Tloc      0%         2d3       93%         4
 Manifold Assault         Tloc           0%         N/A       93%         4
 Yara's Violent Unravell  Hex/Tmut       0%         3d3       100%        5
 Starburst                Conj/Fire      0%         6d3       100%        6
 Enfeeble                 Hex            0%         N/A       100%        7
 Storm Form               Tmut/Air       0%         N/A       100%        7


Dungeon Overview and Level Annotations

Branches:
Dungeon (10/15) Zot: 619   Temple (0/1) D:6
   Lair: D:8-11         Orc: D:9-12

Altars:
Gozag
Hepliaklqana
Nemelex Xobeh
Qazlal

Shops:
D:8 (

Annotations:
D:9 3 runed translucent doors, Irreverend's ghost, novice MiBe


Innate Abilities, Weirdness & Mutations

Your life essence is reduced to manifest your ancestor. (-10% HP)
You passively map the area around you.
You are easily found by Zot.
You glow in the dark.
You regain HP and MP as you explore.


Message History

The wyvern seems to slow down.
Reach: e) +7 trident
Press: ? - help, Dir - move target, f/p - wyvern
Aim: a wyvern (heavily wounded, not watching you, slow, ally target, haloed, about 14% to evade your +7 trident)
You reach to attack!
You barely miss the wyvern.
The wyvern is heavily wounded.
The wyvern bites Chesterton!
Chesterton is destroyed!
As you read the scroll of fear, it crumbles to dust.
You assume a fearsome visage.
The wyvern looks frightened!
The water moccasin looks frightened!
A wyvern and a gnoll sergeant come into view.
The wyvern hisses angrily.
The gnoll sergeant shouts!
You hear a bellow!
The wyvern moves out of view. 2 yaks come into view.
A yak comes into view.
The yak moves out of view. x2
The yak bellows! x2; You hear an angry hiss.
A scorpion comes into view.
The wyvern completely misses you. The wyvern misses you.
The wyvern attacks as you move away! The wyvern barely misses you.
The wyvern misses you. The wyvern misses you.
You puncture the wyvern!
The wyvern is moderately wounded.
The wyvern bites you!
Ouch! That really hurt!
A gnoll comes into view. It is wielding a +0 club.
The gnoll sergeant misses you.
You hit the wyvern.
The wyvern is moderately wounded.
The wyvern bites you. The gnoll sergeant closely misses you.
Aiming: Mindburst
Press: ? - help, Shift-Dir - straight line, f/p - wyvern
Aim: a wyvern (heavily wounded, chance to affect: 64%)
The wyvern's mind is blasted!!
You blow up the wyvern!
A gnoll comes into view. It is wielding a +0 whip.
The gnoll sergeant hits you from afar with a +0 spear!
You die...

* .......?...######* *
#.....................,
#.........>..........P
#.....................
#.########...####P..♣.,
#.# #...# ...^PP #.#
#...###...(♣.,
#.########s..l...P....
#...)..@.gYYg..PP.....,
#..#########.Yg.......
#..# #..#...P.P♣ #..#
#..#....P.. , #..#
#..##.P.... , #..# #..#
.....l #..# *** #..#
#P...., #..., ....
.♣.P. , * * * , ,


You could see 3 yaks, a wyvern, a gnoll sergeant, a scorpion and 2 gnolls.

Vanquished Creatures
  Gastronok (D:8)
  A two-headed ogre (D:9)
  A vault sentinel (D:9)
  A shadow (D:9)
  A wraith (D:9)
  7 humans (D:8)
  8 yaks
  A wyvern (D:10)
  Edmund (D:8)
  A sky beast (D:8)
  2 centaurs
  An ogre (D:5)
  A phantom (D:6)
  2 bullfrogs
  A gnoll sergeant (D:5)
  7 wights (D:8)
  A howler monkey (D:8)
  A quasit (D:6)
  4 hounds (D:8)
  A jelly (D:5)
  3 iguanas
  A sleepcap (D:7)
  10 adders
  3 gnolls (D:5)
  6 shadow imps
  5 ufetubi
  2 worms
  7 orcs
  2 endoplasms (D:4)
  A goblin (D:2)
  4 hobgoblins
  9 jackals
  4 kobolds
  3 quokkas
  4 ball pythons
  4 bats (D:3)
  A frilled lizard (D:2)
  2 rats
115 creatures vanquished.

Vanquished Creatures (collateral kills)
  Harold (D:10)
  A vault sentinel (D:9)
  5 yaks (D:9)
  A wyvern (D:10)
  A water moccasin (D:10)
  An orc warrior (D:7)
  A centaur (D:6)
  A phantom (D:5)
  A kobold brigand (D:6)
  2 wights (D:8)
  A sleepcap (D:4)
  5 adders
  3 gnolls (D:3)
  A white imp (D:6)
  4 orcs
  2 goblins (D:3)
  A hobgoblin (D:4)
  3 jackals
  6 kobolds
  2 bats
43 creatures vanquished.

Vanquished Creatures (others)
  3 hexers
3 creatures vanquished.

Grand Total: 161 creatures vanquished

Notes
Turn   | Place    | Note
-------+----------+-------------------------------------------
     0 | D:1      | fridstol the Meteoran Monk began the quest for the Orb.
     0 | D:1      | Reached XP level 1. HP: 19/19 MP: 2/2
    45 | D:1      | Reached XP level 2. HP: 26/26 MP: 3/3
   450 | D:1      | Found a faded altar of an unknown god.
   480 | D:1      | Prayed at the altar of an unknown god.
   480 | D:1      | Became a worshipper of Hepliaklqana the Forgotten
   480 | D:1      | Reached * piety under Hepliaklqana
   480 | D:1      | Reached ** piety under Hepliaklqana
   497 | D:1      | Glimpsed the power of Zot.
   524 | D:2      | Reached skill level 4 in Fighting
   524 | D:2      | Reached XP level 3. HP: 18/29 MP: 4/4
   620 | D:2      | Reached *** piety under Hepliaklqana
   676 | D:2      | Reached XP level 4. HP: 30/36 MP: 5/5
   837 | D:2      | Remembered your ancestor Chesterton as a hexer
  1265 | D:3      | Reached skill level 1 in Polearms
  1269 | D:3      | Reached XP level 5. HP: 19/41 MP: 6/6
  1294 | D:3      | Reached skill level 5 in Maces & Flails
  1685 | D:3      | Glimpsed the power of Zot.
  1735 | D:3      | Glimpsed the power of Zot.
  1775 | D:3      | Glimpsed the power of Zot.
  1785 | D:3      | Touched by the power of Zot.
  1944 | D:4      | Upgraded the game from 0.30.0-11-gf55b779eaf to
                  | 0.30.0-13-g156ef70053
  1944 | D:4      | Upgraded the game from 0.30.0-13-g156ef70053 to
                  | 0.30.0-29-ga12c61a403
  2091 | D:4      | Reached XP level 6. HP: 7/37 MP: 7/7
  2092 | D:4      | Reached skill level 8 in Fighting
  2106 | D:4      | Reached XP level 7. HP: 15/52 MP: 8/8
  2485 | D:4      | Glimpsed the power of Zot.
  2535 | D:4      | Glimpsed the power of Zot.
  2543 | D:5      | Entered Level 5 of the Dungeon
  2543 | D:5      | Reached **** piety under Hepliaklqana
  2563 | D:5      | Reached skill level 9 in Fighting
  3034 | D:5      | Reached XP level 8. HP: 60/60 MP: 9/9
  3088 | D:5      | Glimpsed the power of Zot.
  3138 | D:5      | Glimpsed the power of Zot.
  3563 | D:5      | Learned a level 3 spell: Volatile Blastmotes
  3693 | D:6      | Glimpsed the power of Zot.
  3744 | D:6      | Glimpsed the power of Zot.
  3784 | D:6      | Glimpsed the power of Zot.
  4191 | D:6      | Found a staircase to the Ecumenical Temple.
  4286 | D:6      | Glimpsed the power of Zot.
  4336 | D:6      | Glimpsed the power of Zot.
  4353 | D:6      | Gained mutation: You passively map the area around you.
                  | [Meteoran growth]
  4353 | D:6      | Reached XP level 9. HP: 66/66 MP: 10/10
  4377 | D:6      | Glimpsed the power of Zot.
  4387 | D:6      | Touched by the power of Zot.
  4488 | D:7      | Glimpsed the power of Zot.
  4538 | D:7      | Glimpsed the power of Zot.
  4574 | D:8      | Reached skill level 10 in Fighting
  4725 | D:8      | Found Lonollul's Antique Weapon Emporium.
  4751 | D:8      | Noticed Gastronok
  4779 | D:8      | Killed Gastronok
  4780 | D:8      | Reached skill level 10 in Dodging
  4780 | D:8      | Reached XP level 10. HP: 19/61 MP: 11/11
  4961 | D:8      | Noticed Edmund
  4966 | D:8      | Reached skill level 11 in Fighting
  5014 | D:8      | Killed Edmund
  5035 | D:8      | Reached skill level 12 in Fighting
  5057 | D:8      | Reached XP level 11. HP: 34/70 MP: 12/12
  5112 | D:8      | Glimpsed the power of Zot.
  5162 | D:8      | Glimpsed the power of Zot.
  5202 | D:8      | Glimpsed the power of Zot.
  5212 | D:8      | Touched by the power of Zot.
  5308 | D:9      | Noticed a vault sentinel
  5308 | D:9      | Noticed a vault sentinel
  5342 | D:9      | Killed a vault sentinel
  5347 | D:9      | Killed a vault sentinel
  5360 | D:9      | Noticed a two-headed ogre
  5382 | D:9      | Killed a two-headed ogre
  5383 | D:9      | Reached skill level 13 in Fighting
  5549 | D:9      | Found the +18 shield of the Gong {Loud rN+ Will+ rCorr
                  | EV-5}
  5728 | D:9      | Found a runed translucent gate.
  5729 | D:9      | Found a runed translucent gate.
  5730 | D:9      | Found a runed translucent gate.
  5730 | D:9      | Noticed an 11-headed hydra
  5731 | D:9      | Noticed Irreverend's ghost (novice MiBe)
  5931 | D:9      | Glimpsed the power of Zot.
  5980 | D:7      | Glimpsed the power of Zot.
  6020 | D:7      | Glimpsed the power of Zot.
  6030 | D:7      | Touched by the power of Zot.
  6133 | D:7      | Glimpsed the power of Zot.
  6183 | D:7      | Glimpsed the power of Zot.
  6223 | D:7      | Glimpsed the power of Zot.
  6233 | D:7      | Touched by the power of Zot.
  6333 | D:7      | Glimpsed the power of Zot.
  6383 | D:7      | Glimpsed the power of Zot.
  6423 | D:7      | Glimpsed the power of Zot.
  6433 | D:8      | Touched by the power of Zot.
  6450 | D:8      | Found an opulent altar of Gozag.
  6450 | D:8      | Found a sparkling altar of Nemelex Xobeh.
  6450 | D:8      | Found a stormy altar of Qazlal.
  6527 | D:8      | Glimpsed the power of Zot.
  6577 | D:8      | Glimpsed the power of Zot.
  6617 | D:8      | Glimpsed the power of Zot.
  6626 | D:7      | Touched by the power of Zot.
  6725 | D:10     | Entered Level 10 of the Dungeon
  6725 | D:10     | Noticed Harold
  6731 | D:10     | Killed Harold
  6807 | D:10     | Slain by a gnoll sergeant

Illustrated notes

Levels and vault maps discovered:
D:1:      lemuel_arrival_lava_pool, layout_basic, serial_curves, eino_curves_04,
          eino_curves_03, shapermc_ecumenical_altar_notcrosses
D:2:      layout_rooms, minmay_misc_feat_more_columns
D:3:      layout_basic
D:4:      layout_loops_ring
D:5:      layout_basic
D:6:      layout_loops_ring, minmay_temple_entry_drinking_statues,
          serial_demonic, serial_demonic_b, serial_demonic_f, serial_demonic_g,
          serial_demonic_f, serial_demonic_f, serial_demonic_g,
          skrybe_limestone_x, nicolae_half_adder
D:7:      layout_loops_corners, minivault_24, chequers_serial_rivers_micro_a,
          minmay_fountain_box
D:8:      erik_cavepeople, layout_loops_ring,
          chequers_temple_overflow_statue_of_worship, serial_shops,
          nicolae_shop_tiny_glass, uniq_gastronok
D:9:      layout_small_grid, gammafunk_ghost_hydra_chop,
          hellmonk_guarded_unrand_gong
D:10:     layout_long_grid, minmay_lair_entry_grove, orc_0_dummy,
          corner_web_ring, uniq_nergalle, uniq_harold, uniq_josephine

Skill      XL: |  1  2  3  4  5  6  7  8  9 10 11 |
---------------+----------------------------------+-----
Fighting       | 4 8 9 10 12 13 | 13.9
Dodging        | 4 7 8 9 10 11 12 | 12.1
Polearms       | 1 2 8 |  8.7
Maces & Flails | 5 |  5.0
Stealth        | 3 |  3.9
Staves         | |  0.7
Throwing       | |  0.2

Action                     |  1- 3 |  4- 6 |  7- 9 | 10-12 || total
---------------------------+-------+-------+-------+-------++-------
  Melee: Mace              |    23 |       |       |       ||    23
         Trident           |    14 |    44 |   146 |   185 ||   389
  Throw: Throwing net      |       |       |       |     1 ||     1
 Invoke: Ancestor Life: He |       |     1 |       |       ||     1
         Idealise          |       |       |     1 |     3 ||     4
         Recall Ancestor   |       |       |     1 |       ||     1
         Ancestor Identity |       |       |     1 |       ||     1
  Evoke: Wand              |       |     1 |     4 |     2 ||     7
    Use: Potion            |       |     6 |     7 |     8 ||    21
         Scroll            |       |     2 |     4 |    10 ||    16
   Stab: Distracted        |       |     1 |     1 |     2 ||     4
         Confused          |       |     1 |     3 |     2 ||     6
         Sleeping          |       |       |     1 |       ||     1
         Paralysed         |       |       |     3 |       ||     3
 Armour: Robe              |     7 |     8 |     8 |     5 ||    28
  Dodge: Dodged            |    16 |    25 |    86 |    87 ||   214
